 Dungeon Crawl Stone Soup version 0.15.1-3-g1b33baa (webtiles) character file.

2102 Johnny the Chiller (level 8, -5/66 HPs)
             Began as a Demigod Ice Elementalist on Oct 4, 2014.
             Killed by the air
             ... invoked by Gastronok
              (31 damage)
             ... on Level 8 of the Dungeon.
             The game lasted 00:23:13 (6211 turns).

Johnny the Chiller (Demigod Ice Elementalist)       Turns: 6211, Time: 00:23:13

HP  -5/66        AC  7     Str 12      XL: 8   Next: 80%
MP   5/20        EV 13     Int 23      God:
Gold 233         SH  0     Dex 20      Spells:  4 memorised,  2 levels left

rFire  + . .     SeeInvis .     y - +2 mace of Capital Punishment {crush, rF+ Dex+3}
rCold  + . .     Clarity  .     F - +2 leather armour {rC+}
rNeg   . . .     rCorr    .     (no shield)
rPois  .         rRot     .     (no helmet)
rElec  .         Spirit   .     (no cloak)
SustAb .         Warding  .     n - +0 pair of gloves
rMut   .         Stasis   .     p - +0 pair of boots
Gourm  .                        w - amulet of rage
MR     .....                    (no ring)
                                (no ring)

@: very slightly contaminated, slowed, very slow, not resistant to hostile
enchantments, fairly stealthy
A: no striking features
a: Evoke Berserk Rage


You were on level 8 of the Dungeon.
You were hungry.

You visited 1 branch of the dungeon, and saw 8 of its levels.

You collected 233 gold pieces.

Inventory:

Hand weapons
 e - a -1 dagger
 y - the +2 mace of Capital Punishment (weapon) {crush, rF+ Dex+3}
   (You found it on level 4 of the Dungeon)

   It inflicts extra damage upon your enemies.
   It affects your dexterity (+3).
   It protects you from fire.
Armour
 f - a +0 ring mail
 n - a +0 pair of gloves (worn)
 p - a +0 pair of boots (worn)
 F - a +2 leather armour of cold resistance (worn)
Magical devices
 A - a wand of fireball (0)
 E - a wand of slowing (6) {unknown}
 J - a wand of paralysis (14)
Comestibles
 c - 4 bread rations
 d - 3 fruits
 j - 4 meat rations
 K - a chunk of elf flesh
Scrolls
 a - 2 scrolls of remove curse
 g - 2 scrolls of enchant armour
 h - a scroll of amnesia
 s - 2 scrolls of noise
 u - 3 scrolls of magic mapping
 v - 3 scrolls of recharging
 z - a scroll of vulnerability {unknown}
 B - 3 scrolls of enchant weapon {unknown}
 H - a scroll of acquirement {unknown}
 I - a scroll of blinking {unknown}
Jewellery
 k - an uncursed ring of teleportation
 w - an amulet of rage (around neck)
 G - an uncursed amulet of the gourmand {unknown}
Potions
 l - a potion of restore abilities {unknown}
 m - a potion of cancellation {unknown}
 o - 2 potions of porridge
 q - a potion of mutation {unknown}
 r - 2 potions of might {unknown}
 t - a potion of heal wounds {unknown}
 x - 2 potions of poison {unknown}
 C - a potion of cure mutation {unknown}
 D - a potion of invisibility {unknown}
Books
 b - a book of Frost

   Spells                             Type                      Level
   *Freeze                            Ice                          1
   Throw Frost                        Conjuration/Ice              2
   *Ozocubu's Armour                  Charms/Ice                   3
   *Throw Icicle                      Conjuration/Ice              4
   *Summon Ice Beast                  Ice/Summoning                4
   Condensation Shield                Ice                          4


   Skills:
 * Level 4.1 Fighting
 + Level 2.1 Armour
 + Level 3.3 Dodging
 + Level 3.7 Stealth
 * Level 3.9 Spellcasting
 * Level 3.3 Conjurations
 * Level 2.2 Charms
 * Level 3.6 Summonings
 * Level 5.1 Ice Magic
 + Level 2.3 Evocations


You had 2 spell levels left.
You knew the following spells:

 Your Spells              Type           Power        Failure   Level  Hunger
a - Freeze                Ice            ####         1%          1    None
b - Summon Ice Beast      Ice/Summ       ###.....     21%         4    ####...
c - Ozocubu's Armour      Chrm/Ice       ###.....     10%         3    ###....
d - Throw Icicle          Conj/Ice       ###.....     21%         4    ####...


Dungeon Overview and Level Annotations

Branches:
Dungeon (8/15)             Temple (0/1) D:6            Lair (0/8) D:8

Annotations:
D:7 Jessica
D:8 Gastronok, Psyche


Message History

Gastronok seems to move somewhat quicker.
The quokka bites you. The quokka barely misses you.
Evoke which item? (* to show all) (? for menu, Esc to quit)
Zapping:
J - a wand of paralysis {zapped: 2}
Press: ? - help, Shift-Dir - straight line, f/p - Psyche
Aim: Psyche, wielding a glowing dagger and wearing a robe (moderately wounded, paralysed)
The quokka suddenly stops moving!
Gastronok's eyestalks quiver as he mumbles some strange words.
The hill giant zombie hits you.
Psyche is no longer moving quickly.
Gastronok waves his eye-stalks in wide circles.
The air twists around and strikes you!
A rat comes into view.
The hill giant zombie hits you!
Drink which item? (? for menu, Esc to quit)
You feel better.
Gastronok waves his eye-stalks in wide circles.
The air twists around and strikes you!
You die...

.#
##......##w.#.......
#......##..#.......
#.........r....###
#.......#..#.......
#.......#..........
....#..#.#(.........
###.#..#.#rr........
#.#..#.#Z.........
#..#.#@.........
...#.#%..P......#
##.#.#......P.P..
.....[.....P.P.P.P.
.##.#...P..P...P..
.......P.P.P.PP..P
<.....P%P.####P.P
##.#...P..#[># .
#.....Pr(%)..#


You could see Gastronok, a hill giant zombie, 2 quokkas and 2 rats.

Vanquished Creatures
  A yak (D:8)
  A wyvern (D:8)
  A deep elf fighter (D:8)
  A necrophage (D:7)
  An orc warrior (D:7)
  A centaur (D:6)
  An ogre (D:5)
  2 giant frogs (D:7)
  A scorpion (D:5)
  2 hounds
  2 goliath beetles (D:5)
  2 crimson imps
  3 orc wizards
  An orc priest (D:7)
  A worker ant (D:4)
  An iguana (D:4)
  8 adders
  A green rat (D:8)
  A worm (D:2)
  7 giant geckos
  An ooze (D:3)
  6 orcs
  11 bats
  4 giant cockroaches
  11 goblins
  6 hobgoblins
  3 jackals (D:5)
  4 quokkas
  11 kobolds
  24 rats
120 creatures vanquished.

Vanquished Creatures (collateral kills)
  Pikel (D:8)
  A feature mimic (D:7)
  A yak (D:8)
  A sky beast (D:8)
  An ogre (D:8)
  A slave (D:8)
  Sigmund (D:5)
  A giant frog (D:8)
  A hound (D:5)
  A giant frog skeleton (D:5)
  An adder (D:5)
  2 green rats (D:8)
  4 orcs (D:7)
  4 jackals (D:7)
  A quokka (D:5)
  6 bats (D:8)
  A giant newt (D:5)
  5 rats (D:8)
34 creatures vanquished.

Vanquished Creatures (others)
  A slave (D:8)
  13 ice beasts
  A kobold (D:8)
  2 bats (D:8)
17 creatures vanquished.

Grand Total: 171 creatures vanquished

Notes
Turn   | Place    | Note
--------------------------------------------------------------
     0 | D:1      | Johnny, the Demigod Ice Elementalist, began the quest for the Orb.
     0 | D:1      | Reached XP level 1. HP: 14/14 MP: 3/3
   226 | D:1      | Reached XP level 2. HP: 2/22 MP: 1/4
   358 | D:1      | Reached skill level 3 in Ice Magic
   932 | D:2      | Reached skill level 1 in Fighting
   983 | D:2      | Found a burning altar of Makhleb.
  1014 | D:2      | Reached XP level 3. HP: 15/28 MP: 0/8
  1747 | D:2      | Reached XP level 4. HP: 35/35 MP: 3/10
  1753 | D:2      | Learned a level 4 spell: Summon Ice Beast
  1977 | D:3      | Found a white marble altar of Elyvilon.
  2082 | D:3      | Reached skill level 1 in Summonings
  2555 | D:4      | Reached XP level 5. HP: 29/41 MP: 5/12
  2721 | D:4      | Got a crude mace
  2773 | D:4      | Identified the +2 mace of Capital Punishment {crush, rF+ Dex+3} (You found it on level 4 of the Dungeon)
  3018 | D:4      | Reached XP level 6. HP: 26/50 MP: 11/15
  3294 | D:5      | Entered Level 5 of the Dungeon
  3475 | D:5      | Noticed Sigmund
  3497 | D:5      | Killed Sigmund
  3497 | D:5      | Reached skill level 4 in Ice Magic
  3710 | D:5      | Reached skill level 1 in Armour
  3728 | D:5      | Learned a level 4 spell: Throw Icicle
  4331 | D:5      | Noticed a spatial vortex
  4331 | D:5      | Reached skill level 1 in Conjurations
  4546 | D:6      | Found a staircase to the Ecumenical Temple.
  4613 | D:6      | Reached XP level 7. HP: 53/57 MP: 12/18
  4864 | D:7      | Noticed Jessica
  5001 | D:7      | Reached skill level 1 in Evocations
  5097 | D:7      | Found an ancient bone altar of Kikubaaqudgha.
  5177 | D:7      | Learned a level 3 spell: Ozocubu's Armour
  5362 | D:7      | Killed a staircase mimic
  5672 | D:7      | Reached skill level 1 in Charms
  5672 | D:7      | Reached XP level 8. HP: 53/63 MP: 0/20
  6037 | D:8      | Noticed Pikel
  6051 | D:8      | Killed Pikel
  6051 | D:8      | Reached skill level 5 in Ice Magic
  6063 | D:8      | Found a staircase to the Lair.
  6169 | D:8      | Noticed Gastronok
  6189 | D:8      | Noticed Psyche
  6211 | D:8      | Killed from afar by Gastronok

Action                   |  1- 3 |  4- 6 |  7- 9 || total
-------------------------+-------+-------+-------++-------
Melee: Dagger            |    73 |    43 |       ||   116
       Unarmed           |     4 |       |       ||     4
       Mace              |       |    31 |    69 ||   100
 Cast: Freeze            |    46 |   100 |    34 ||   180
       Summon Ice Beast  |       |     9 |    20 ||    29
       Ozocubu's Armour  |       |       |     4 ||     4
       Throw Icicle      |       |       |     4 ||     4
Evoke: Wand              |       |     4 |     3 ||     7
  Use: Scroll            |       |     2 |     5 ||     7
       Potion            |       |     1 |     1 ||     2
 Stab: Distracted        |     1 |     1 |     1 ||     3
       Sleeping          |       |     1 |       ||     1
  Eat: Chunk             |     3 |     8 |     7 ||    18
       Meat ration       |       |     1 |       ||     1
       Fruit             |       |     1 |       ||     1
       Pizza             |       |     1 |       ||     1
       Beef jerky        |       |       |     1 ||     1
